 Dungeon Crawl Stone Soup version 0.29.0-15-g675c0067aa (webtiles) character file.

Game seed: 1709405806837806769

9 qw the Sneak (level 2, -4/19 HPs)
             Began as a Gargoyle Delver on Sept 11, 2022.
             Splashed by a jelly's acid (7 damage)
             ... on level 4 of the Dungeon.
             The game lasted 00:00:03 (368 turns).

qw the Sneak (Gargoyle Delver)                       Turns: 368, Time: 00:00:04

Health: -4/19      AC:  5    Str: 15    XL:     2   Next: 12%
Magic:  2/2        EV: 11    Int: 10    God:
Gold:   13         SH:  0    Dex: 11    Spells: 1/1 levels left

rFire   . . .      SeeInvis .   a - +0 hand axe
rCold   . . .      Faith    .   (no shield)
rNeg    + . .      Spirit   .   b - +0 leather armour
rPois   inf        Reflect  .   (no helmet)
rElec   +          Harm     .   (no cloak)
rCorr   .          Rampage  .   (no gloves)
Will    .....                   (no boots)
Stlth   +++.......              (no amulet)
HPRegen 0.06/turn               (no ring)
MPRegen 0.08/turn               (no ring)

@: no status effects
A: sickness immunity, AC +2, negative energy resistance 1, electricity
resistance, torment resistance 1, petrification resistance
a: no special abilities


You were on level 4 of the Dungeon.
You visited 1 branch of the dungeon, and saw 2 of its levels.

You collected 13 gold pieces.


Innate Abilities, Weirdness & Mutations

You are immune to sickness and miasma.
Your stone body is resilient. (AC +2)
You are immune to poison.
You resist negative energy. (rN+)
You are resistant to electric shocks. (rElec)
You are resistant to unholy torment.
You are immune to petrification.


   Skills:
 - Level 3.2 Fighting
 + Level 2.5 Axes
 - Level 1.5 Dodging
 - Level 5.4 Stealth


You had one spell level left.
You didn't know any spells.
Your spell library was empty.

Inventory:

Hand Weapons
 a - a +0 hand axe (weapon)
Armour
 b - a +0 leather armour (worn)
Wands
 g - a wand of digging (3)
Potions
 f - a potion of haste

Dungeon Overview and Level Annotations

Branches:
Dungeon (5/15)
 Temple: D:4-7

Altars:

Annotations:
D:4 Ijyb


Message History

You miss the adder.
The adder is severely wounded.
The adder misses you.
You closely miss the adder.
The adder is severely wounded.
The adder bites you. The adder barely misses you.
You miss the adder.
The adder is severely wounded.
The adder bites you but does no damage.
You hit the adder.
You kill the adder!
Your Axes skill increases to level 2!
You have reached level 2!
You start resting.
HP restored.
342 ||| DROPPING scroll of fog.
You drop a scroll of fog.
343 ||| DROPPING scroll of magic mapping.
You drop a scroll of magic mapping.
344 ||| DROPPING scroll of fear.
You drop a scroll of fear.
(D) Dungeon
Where to? (* - list waypoints, ? - help)
What level of the Dungeon? (default 1, ? - help)
There is an open door, spattered with blood here.
There is a stone staircase leading up here.
You climb upwards.
There is a stone staircase leading down here.
Existing waypoints: (2) D:5 Assign waypoint to what number? (0-9, D - delete waypoint) Waypoint 1 assigned to D:4.
You open the door.
Ijyb and a jelly come into view.
Ijyb is wielding a +0 club, wearing a +2 ring mail of willpower and carrying a wand of flame (26).
364 ||| Stepping ~*~*~tactically~*~*~ (hiding).
Ijyb zaps a wand.
The puff of flame hits you!
There is an open door here.
Ijyb hits you with a +0 club.
You hit the jelly but do no damage.
Your hands burn!
You hit Ijyb but do no damage. The jelly hits you.
You are splashed with acid!
You die...

#.....# #.....+
#.....#
#.....########
#.....#......#
+.....#......+
#...J.#......#
#...g@'......#
#.....#.##...#
.....#+##.######
.... #.....+ ...
+.....# ..
#.>...# .
#######


You could see Ijyb and a jelly.

Vanquished Creatures
  An adder (D:5)
1 creature vanquished.

Notes
Turn   | Place    | Note
-------+----------+-------------------------------------------
     0 | D:5      | qw the Gargoyle Delver began the quest for the Orb.
     0 | D:5      | Reached XP level 1. HP: 14/14 MP: 1/1
     0 | D:5      | 0 ||| qw: Version: 0.1-a-119-g272c26d
     0 | D:5      | 0 ||| qw: Game counter: 10625
     0 | D:5      | 0 ||| qw: Always use a shield: true
     0 | D:5      | 0 ||| qw: God list: Okawaru
     0 | D:5      | 0 ||| qw: Allow faded altars: false
     0 | D:5      | 0 ||| qw: Do Orc after D:15 true
     0 | D:5      | 0 ||| qw: Do second Lair branch before Depths: true
     0 | D:5      | 0 ||| qw: Lair rune preference: random
     0 | D:5      | 0 ||| qw: Plans: Normal
     0 | D:5      | 0 ||| PLANNING D:1-11
    44 | D:5      | HP: 1/14 [adder (4)]
    50 | D:5      | Reached XP level 2. HP: 1/19 MP: 2/2
   342 | D:5      | 342 ||| DROPPING scroll of fog.
   343 | D:5      | 343 ||| DROPPING scroll of magic mapping.
   344 | D:5      | 344 ||| DROPPING scroll of fear.
   363 | D:4      | Noticed Ijyb
   364 | D:4      | 364 ||| Stepping ~*~*~tactically~*~*~ (hiding).
   368 | D:4      | HP: 3/19 [jelly (2)]
   368 | D:4      | Splashed by a jelly's acid

Levels and vault maps discovered:
D:4:      layout_gridville, uniq_ijyb, uniq_blork_the_orc
D:5:      layout_gridville

Skill      XL: |  1 |
---------------+----+-----
Axes           | 2 |  2.5
Fighting       | |  3.2
Dodging        | |  1.5
Stealth        | |  5.4

Action                   || total
-------------------------++-------
Melee: Hand axe          ||    17
Armor: Leather armour    ||     7
Dodge: Dodged            ||     9

Table legend:
 A = Non-vault XP
 B = Vault XP
 C = Vault XP percentage of total XP
 D = Non-vault monster count
 E = Vault monster count
 F = Vault count percentage of total count
                 A         B        C        D         E       F
            +---------+---------+-------+---------+---------+-------
      Total |      13 |       0 |   0.0 |       1 |       0 |   0.0
            +---------+---------+-------+---------+---------+-------
        D:5 |      13 |       0 |   0.0 |       1 |       0 |   0.0
            +---------+---------+-------+---------+---------+-------
